 Dungeon Crawl Stone Soup version 0.23.1 (webtiles) character file.

Game seed: 14512922321232315729

298 PentaManta the Ruffian (level 6, -9/62 HPs)
             Began as a Troll Monk on Mar 10, 2019.
             Was a Believer of Okawaru.
             Mangled by a two-headed ogre
             ... wielding a +0 giant club
              (30 damage)
             ... on level 8 of the Dungeon.
             The game lasted 00:05:37 (772 turns).

PentaManta the Ruffian (Troll Monk)                  Turns: 772, Time: 00:05:38

Health: -9/62      AC:  6    Str: 22    XL:     6   Next: 13%
Magic:  5/5        EV: 11    Int:  6    God:    Okawaru [**....]
Gold:   22         SH:  0    Dex: 12    Spells: 5/5 levels left

rFire    . . .     SeeInvis .     - Unarmed
rCold    . . .     Gourm    +   (no shield)
rNeg     . . .     Faith    .   a - +0 robe
rPois    .         Spirit   .   (helmet restricted)
rElec    .         Reflect  .   (no cloak)
rCorr    .         Harm     .   (gloves unavailable)
MR       .....                  (boots unavailable)
Stlth    ++........             (no amulet)
HPRegen  0.60/turn              (no ring)
MPRegen  0.09/turn              (no ring)

@: no status effects
A: large, unfitting armour, claws 3, fast metabolism 3, gourmand, regeneration
1, shaggy fur 1, tough skin 3
a: Heroism, Renounce Religion


You were on level 8 of the Dungeon.
You worshipped Okawaru.
Okawaru was pleased with you.
You were hungry.

You visited 1 branch of the dungeon, and saw 8 of its levels.

You collected 22 gold pieces.

Inventory:

Armour
 a - a +0 robe (worn)
Wands
 e - a wand of acid (6)
Scrolls
 d - a scroll of noise {unknown}
 g - a scroll of identify {unknown}
Potions
 c - a potion of curing {unknown}
 f - a potion of mutation {unknown}
Comestibles
 b - 3 rations


   Skills:
 + Level 3.8 Fighting
 - Level 3.1 Dodging
 - Level 1.0 Stealth
 * Level 5.4 Unarmed Combat


You had 5 spell levels left.
You didn't know any spells.
Your spell library was empty.

Dungeon Overview and Level Annotations

Branches:
Dungeon (8/15)
 Temple: D:4-7         Lair: D:8-11

Altars:
Okawaru


Innate Abilities, Weirdness & Mutations

You are too large for most types of armour.
You have claws for hands.
Your metabolism is lightning-fast.
You like to eat raw meat.
Your natural rate of healing is unusually fast.
You are covered in fur. (AC +1)
You have extremely tough skin. (AC +3)


Message History

The crimson imp shouts!
The bullfrog hits you but does no damage.
Found a bubbling sapphire potion.
The crimson imp blinks!
You scratch the crimson imp.
The crimson imp is moderately wounded.
The bullfrog hits you. The crimson imp barely misses you.
The two-headed ogre hits you with a +0 giant club!!
* * * LOW HITPOINT WARNING * * *
The two-headed ogre barely misses you.
The crimson imp blinks!
The crimson imp picks up a beetle and eats it.
The crimson imp blinks!
The crimson imp barely misses you.
The crimson imp blinks!
The crimson imp blinks!
The crimson imp blinks!
There is a stone staircase leading down here.
The bullfrog hits you.
The two-headed ogre hits you with a +0 giant club!!
You die...

..###............##...........
.. #............##...........
# #######.......#...........
##..................
#....$..##...$.....
.........#.........
##..###..Z.o5....##..
.....##.F5...........
.......@OO...........
#................##.#
...##..........!... . .
#.5......##......
...........#...#..
###............##.#
##........#... #..###..####


You could see 2 two-headed ogres, a bullfrog, 2 crimson imps, a shadow imp, an
orc and a bullfrog skeleton.

Vanquished Creatures
  A phantom (D:7)
  A bullfrog (D:7)
  A worker ant (D:7)
  A hell rat (D:7)
  8 river rats (D:7)
  A leopard gecko (D:4)
  3 giant cockroaches
  A hobgoblin (D:1)
  2 jackals
  3 quokkas (D:7)
  A giant cockroach zombie (D:5)
  2 kobolds
  11 rats
36 creatures vanquished.

Notes
Turn   | Place    | Note
-------+----------+-------------------------------------------
     0 | D:1      | PentaManta the Troll Monk began the quest for the Orb.
     0 | D:1      | Reached XP level 1. HP: 22/22 MP: 0/0
    32 | D:2      | Found an iron altar of Okawaru.
    42 | D:2      | Became a worshipper of Warmaster Okawaru
    42 | D:2      | Reached * piety under Okawaru
    42 | D:2      | Reached ** piety under Okawaru
   138 | D:4      | Reached XP level 2. HP: 29/29 MP: 1/1
   252 | D:4      | Noticed an ogre
   319 | D:5      | Entered Level 5 of the Dungeon
   387 | D:6      | Noticed a crimson imp
   394 | D:6      | Noticed a crimson imp
   404 | D:7      | Noticed a phantom
   438 | D:7      | Reached XP level 3. HP: 36/36 MP: 2/2
   450 | D:7      | Noticed a bullfrog
   468 | D:7      | Reached XP level 4. HP: 32/45 MP: 3/3
   565 | D:7      | Killed a phantom
   565 | D:7      | Reached skill level 4 in Unarmed Combat
   565 | D:7      | Reached XP level 5. HP: 31/53 MP: 4/4
   615 | D:7      | Reached skill level 5 in Unarmed Combat
   655 | D:7      | Reached XP level 6. HP: 55/62 MP: 5/5
   752 | D:8      | Noticed a two-headed ogre
   759 | D:8      | Noticed a two-headed ogre
   772 | D:8      | Mangled by a two-headed ogre

Skill      XL: |  1  2  3  4  5 |
---------------+----------------+-----
Dodging        | 3 |  3.1
Fighting       | 3 |  3.8
Unarmed Combat | 4 5 |  5.4
Stealth        | |  1.0

Action                   |  1- 3 |  4- 6 || total
-------------------------+-------+-------++-------
Melee: Unarmed           |    45 |    64 ||   109
  Eat: Ration            |     1 |       ||     1
Armor: Robe              |    19 |    10 ||    29
Dodge: Dodged            |    20 |    25 ||    45
